 Dungeon Crawl Stone Soup version 0.30-a0-883-g5ad918d77d (webtiles) character file.

Game seed: 9981013209257450530

178245 NinjaNoafa the Fighter (level 18, -5/145 HPs)
             Began as a Djinni Conjurer on Mar 14, 2023.
             Was a Priest of Ashenzari.
             Blown up by a sun moth (27 damage)
             ... with a bolt of energy
             ... on level 3 of the Spider Nest on Mar 15, 2023.
             The game lasted 02:43:14 (29796 turns).

NinjaNoafa the Fighter (Djinni Conjurer)           Turns: 29796, Time: 02:43:14

Health: -5/145     AC: 32    Str: 12    XL:     18   Next: 86%
Gold:   2371       EV: 11    Int: 33    God:    Ashenzari [***...] SH: 17 Dex: 10

rFire   + + .      SeeInvis +    n - +1 dagger of Apeoromancy {heavy, rC+, Fort, Evo} (curse)
rCold   . . .      Faith    .    y - +2 kite shield {reflect}
rNeg    + . .      Spirit   .    Q - +5 chain mail "Eternal Dissatisfaction" {rCorr Int+2, Self, Fort} (curse)
rPois   ∞          Reflect  +    h - +2 helmet of the Cryptic God {Fort, Cun} (curse)
rElec   .          Rampage  .    T - +1 cloak of Ouranomancy {Self, Cun} (curse)
rCorr   +          Clarity  +    R - +2 pair of gloves of the Clean God {Int+3}
Will    +....                    (boots unavailable) Stlth
                                 d - amulet of regeneration
HPRegen 1.24/turn                Y - ring "Lashed With Me" {Str+6, Cun, Fort} (curse)
MPRegen 0.00/turn                v - ring of the Octopus King {rN+ HP+2 AC+2 EV+2 SH+2}

@: spewing sludge, flying
A: sickness immunity, fire resistance 2, cold vulnerability 1, float, innate
caster, HP casting, extra vitality 1, clumsy 1
a: Renounce Religion, Curse Item, Shatter the Chains


You were on level 3 of the Spider Nest.
You worshipped Ashenzari.
Ashenzari was most pleased with you.
You visited 6 branches of the dungeon, and saw 29 of its levels.
You also visited: Gauntlet.

You collected 3595 gold pieces.
You spent 1224 gold pieces at shops.

Inventory:

Hand Weapons
 n - the cursed +1 dagger of Apeoromancy (weapon) {heavy, rC+, Fort, Evo}
   (You found it on level 2 of the Dungeon)

   rC:        It protects you from cold.
   It has a curse which improves the following skills: Fortitude: Armour and
   Shields.
   Evocations: Evocations.
Missiles
 D - 4 throwing nets
 N - 7 silver javelins
 P - 6 curare-tipped darts
 V - 11 poisoned darts
 W - 3 javelins
Armour
 h - the cursed +2 helmet of the Cryptic God (worn) {Fort, Cun}
   (You found it on level 1 of the Dungeon)

   It has a curse which improves the following skills: Fortitude: Armour and
   Shields.
   Cunning:   Dodging and Stealth.
 y - a +2 kite shield of reflection (worn)
 Q - the cursed +5 chain mail "Eternal Dissatisfaction" (worn) {rCorr Int+2, Self, Fort}
   (You found it in a Gauntlet)

   Int:       It affects your intelligence (+2).
   rCorr:     It protects you from acid and corrosion.
   It has a curse which improves the following skills: Introspection: Fighting
   and Spellcasting.
   Fortitude: Armour and Shields.
 R - the +2 pair of gloves of the Clean God (worn) {Int+3}
   (You found it on level 1 of the Spider Nest)

   Int:       It affects your intelligence (+3).
 T - the cursed +1 cloak of Ouranomancy (worn) {Self, Cun}
   (You found it on level 8 of the Dungeon)

   It has a curse which improves the following skills: Introspection: Fighting
   and Spellcasting.
   Cunning:   Dodging and Stealth.
Jewellery
 d - an amulet of regeneration (around neck)
 t - a ring of willpower
 v - a ring of the Octopus King (right hand) {rN+ HP+2 AC+2 EV+2 SH+2}
   (You found it in a Gauntlet)

   [ring of positive energy]

   AC:        It affects your AC (+2).
   EV:        It affects your evasion (+2).
   rN:        It protects you from negative energy.
   HP:        It affects your health (+2).
   SH:        It affects your SH (+2).
 z - a ring of protection from cold
 K - a ring of wizardry
 Y - the cursed ring "Lashed With Me" (left hand) {Str+6, Cun, Fort}
   (You found it on level 1 of the Lair of Beasts)

   [ring of strength]

   Str:       It affects your strength (+6).
   It has a curse which improves the following skills: Cunning: Dodging and
   Stealth.
   Fortitude: Armour and Shields.
Wands
 c - a wand of polymorph (14)
 f - a wand of digging (11)
 p - a wand of roots (12)
 u - a wand of acid (22)
 E - a wand of charming (20)
 M - a wand of flame (43)
 U - a wand of mindburst (3)
Scrolls
 b - 7 scrolls of magic mapping
 e - 3 scrolls of poison
 g - 4 scrolls of blinking
 i - 17 scrolls of teleportation
 m - 7 scrolls of immolation
 s - a scroll of summoning
 w - 6 scrolls of vulnerability
 x - 4 scrolls of enchant weapon
 B - a scroll of torment
 I - 2 scrolls of brand weapon
 J - 3 scrolls of fog
 L - 7 scrolls of fear
 X - 2 scrolls of silence
Potions
 a - 7 potions of might
 j - 2 potions of heal wounds
 k - 3 potions of resistance
 l - 5 potions of brilliance
 o - 7 potions of attraction
 q - 8 potions of mutation
 A - a potion of lignification
 C - 2 potions of ambrosia
 F - a potion of invisibility
 G - 2 potions of cancellation
 H - 5 potions of curing
 O - 4 potions of berserk rage
 Z - 2 potions of haste
Miscellaneous
 r - a phantom mirror
 S - a lightning rod (4/4)


   Skills:
 - Level 14.9(17.2) Fighting
 - Level 4.2 Short Blades
 + Level 14.2(18.1) Armour
 - Level 9.5(12.7) Dodging
 - Level 1.5(3.6) Stealth
 + Level 12.9(16.8) Shields
 + Level 13.3(15.6) Spellcasting
 - Level 12.1(13.6) Evocations


You knew the following spells:

 Your Spells              Type           Power      Damage    Failure   Level
a - Sticky Flame          Conj/Fire      92%        2d10      1%          4
b - Eringya's Noxious Bo  Tmut/Pois      46%        N/A       6%          6
c - Dazzling Flash        Conj/Hex       100%       N/A       1%          3
d - Fulminant Prism       Conj/Hex       46%        3d21      1%          4
e - Kindle Blastsparks    Fire/Tloc/Air  100%       2d18      1%          3
f - Kiss of Death         Conj/Necr      100%       2d13      1%          1
g - Irradiate             Conj/Tmut      46%        3d27      1%          5
h - Frozen Ramparts       Ice            100%       1d16      1%          3
i - Iskenderun's Mystic   Conj/Tloc      92%        2d18      1%          4
j - Magic Dart            Conj           100%       1d8       1%          1
k - Call Imp              Summ           92%        N/A       1%          2
l - Simulacrum            Ice/Necr       46%        N/A       6%          6
m - Searing Ray           Conj           100%       2d8       1%          2
Your spell library was empty.

Dungeon Overview and Level Annotations

Branches:
Dungeon (15/15)            Temple (1/1) D:4            Lair (5/5) D:8
 Shoals (3/4) Lair:2       Spider (3/4) Lair:3        Slime (0/5) Lair:4
    Orc (2/2) D:12            Elf (0/3) Orc:2        Vaults (0/5) D:14
 Depths (0/4) D:15        Gauntlet (visited)

Altars:
Ashenzari
Cheibriados
Dithmenos
Elyvilon
Fedhas
Gozag
Hepliaklqana
Makhleb
Nemelex Xobeh
Okawaru
Qazlal
Ru
Trog
Uskayaw
Wu Jian
Xom
Yredelemnul
Zin
The Shining One
Lugonu

Shops:
D:6 (   Orc:2 *(*?   Shoals:2 ?

Portals:
Abyss: Shoals:2

Annotations:
Shoals:3 1 runed translucent door, Hoelubiu's ghost, adept AtFi


Innate Abilities, Weirdness & Mutations

You are immune to sickness and miasma.
You are immune to poison.
Your flesh is very heat resistant. (rF++)
You are vulnerable to cold. (rC-)
You float through the air rather than walking.
You learn spells naturally, not from books.
Your magical power is your life essence.
You have superior vitality. (+4 MHP)
You are clumsy. (Dex -2)


Message History

You block the sun moth's attack. The sun moth attacks as you move away!
The sun moth bites you but does no damage.
Casting: Iskenderun's Mystic Blast (safe; 1% risk of failure)
Press: ? - help, Q - select action, (/) - cycle Dir - look around, f - activate You erupt in a blast of force!
The mystic blast hits the sun moth!!
The sun moth is heavily wounded.
The sun moth is knocked back by the mystic blast.
* * * LOW HITPOINT WARNING * * *
The orb of destruction hits a rock wall.
The sun moth bites you!
* * * LOW HITPOINT WARNING * * *
Casting: Iskenderun's Mystic Blast (safe; 1% risk of failure)
Press: ? - help, Q - select action, (/) - cycle Dir - look around, f - activate You erupt in a blast of force!
The mystic blast hits the sun moth!
The sun moth is severely wounded.
The sun moth is knocked back by the mystic blast.
* * * LOW HITPOINT WARNING * * *
The sun moth throws energy at you. The bolt of energy misses you.
Casting: Iskenderun's Mystic Blast (safe; 1% risk of failure)
Confirm with . or Enter, or press ? or * to list all spells.
Casting: Eringya's Noxious Bog (dangerous; 6% risk of failure)
Press: ? - help, Dir - look around, f - activate You spew toxic sludge!
* * * LOW HITPOINT WARNING * * *
The sun moth bites you but does no damage.
Casting: Iskenderun's Mystic Blast (safe; 1% risk of failure)
Press: ? - help, Q - select action, (/) - cycle Dir - look around, f - activate You erupt in a blast of force!
The mystic blast hits the sun moth!
The sun moth is almost dead.
The sun moth is knocked back by the mystic blast.
* * * LOW HITPOINT WARNING * * *
The sun moth throws energy at you. The bolt of energy hits you!!!
* * * LOW HITPOINT WARNING * * *
You feel much better. The sun moth throws energy at you.
The bolt of energy hits you!!
You die...

.........................[..
,
..............)...†.........,
................^.†.........
,
...†............†....^......
#..................††.......
#............y~~~~~~~~......
,
.?....)......~~~~~~~~~......
.........^...~~~~~†~~~....^.
......†......~~~@~~~~~......
###..........~~~~~~~~~......
.............~~~~~~~~~......
,
......<....#.~~~~~~~#.......
##........[^.~~~[~~~.###..#.
##....#.....~~~~~^..# *#.., ,
, #...##^...#.....##.# *..
##..###^.......##### ,, ####
........ *,,, ,


You could see a sun moth.

Vanquished Creatures
  Bai Suzhen (Spider:3)
  Rupert (Orc:2)
  Jorgrun (Orc:1)
  Frances (Shoals:1)
  Kirke (Shoals:1)
  The ghost of Kilet the Geomancer, an adept GrEE of Vehumet (D:14)
  Donald (Spider:1)
  A balrug (Orc:1)
  2 broodmothers
  3 orc warlords
  A stone giant (Orc:2)
  3 ghost moths
  The ghost of Bacu the Thaumaturge, a journeyman DjCj of Makhleb (Lair:4)
  A spark wasp (Spider:1)
  Azrael (D:14)
  A minotaur (Gauntlet)
  A merfolk javelineer (Shoals:1)
  3 merfolk impalers
  Josephine (D:14)
  A fire dragon (Lair:5)
  3 spectral krakens (Shoals:1)
  An entropy weaver (Spider:1)
  6 hydras
  A radroach (Spider:1)
  3 ghost crabs (Shoals:1)
  An alligator snapping turtle (Shoals:3)
  2 ice dragons (D:15)
  3 ogre magi
  8 vault guards (D:14)
  2 jorogumos (Spider:2)
  2 death knights
  7 centaur warriors
  3 satyrs
  A two-headed ogre (D:9)
  5 boulder beetles
  2 catoblepae
  3 merfolk aquamancers (Shoals:1)
  8 death yaks
  An orc high priest (Orc:2)
  5 spectral merfolk (Shoals:1)
  2 skeletal warriors (D:11)
  A sun moth (Spider:2)
  2 sixfirhies (Gauntlet)
  3 pharaoh ants
  6 skysharks
  11 sea snakes
  5 orb spiders
  An obsidian statue (D:12)
  A wizard (D:15)
  A steelbarb worm (Spider:2)
  4 harpies (Shoals:3)
  A lindwurm (Lair:5)
  Pikel (D:6)
  11 orc knights (Orc:2)
  8 wolf spiders
  12 cyclopes
  A deep elf pyromancer (D:14)
  An oklob plant (Lair:2)
  3 fauns
  2 moths of wrath
  9 manticores
  4 ugly things
  A worldbinder (Shoals:2)
  4 merfolk sirens
  Maurice (D:8)
  2 water nymphs
  2 apocalypse crabs (Shoals:2)
  2 molten gargoyles (Lair:5)
  5 black mambas (Lair:5)
  An eye of devastation (shapeshifter) (D:12)
  A rust devil (Gauntlet)
  4 torpor snails
  A smoke demon (Gauntlet)
  4 cane toads
  6 demonic crawlers (Spider:1)
  A gargoyle (D:12)
  2 kobold demonologists (D:12)
  A hellion (Spider:3)
  A rime drake (Lair:5)
  A yaktaur (D:15)
  2 efreet (D:14)
  Maggie (D:8)
  Psyche (D:12)
  2 freezing wraiths
  12 komodo dragons
  An ancient zyme (Shoals:2)
  3 meliai (Spider:1)
  6 polar bears
  2 wind drakes (Shoals:1)
  16 merfolk
  9 tarantellas
  3 trolls
  2 hornets
  12 blink frogs
  3 snapping turtles
  A hornet (shapeshifter) (D:15)
  Prince Ribbit (D:6)
  3 dream sheep (Shoals:1)
  9 saltlings (Orc:2)
  13 slime creatures
  6 large abominations
  A vampire (D:14)
  Sigmund (D:2)
  22 culicivoras
  4 wraiths
  2 shadows
  A ynoxinul (Gauntlet)
  9 jumping spiders
  A centaur simulacrum (D:12)
  2 fire elementals (D:14)
  A spriggan (shapeshifter) (D:8)
  9 wyverns
  7 basilisks
  4 water elementals
  43 yaks
  A hog (Shoals:1)
  3 humans (Shoals:1)
  11 vampire mosquitoes
  4 steam dragons
  2 neqoxecs (Shoals:2)
  7 small abominations (D:15)
  27 redbacks
  5 wargs
  Menkaure (D:7)
  3 acid dragons
  11 water moccasins
  6 hell hounds
  25 orc warriors
  An ice beast (D:8)
  11 wolves
  17 centaurs
  4 ogres
  A boggart (D:12)
  2 phantoms
  3 kobold brigands (D:8)
  A gnoll sergeant (D:9)
  6 bullfrogs
  5 scorpions
  7 wights
  15 killer bees
  2 electric eels
  5 howler monkeys
  5 lava snakes (Lair:5)
  3 crimson imps (Gauntlet)
  8 jellies
  2 hounds (D:5)
  12 orc priests
  3 gnoll boudas
  2 iron imps (Gauntlet)
  3 iguanas
  A sleepcap (D:5)
  Jessica (D:3)
  21 orc wizards
  A hell rat (Lair:1)
  17 gnolls
  7 adders
  8 river rats
  2 shadow imps (D:8)
  4 ufetubi (Gauntlet)
  A worm (D:2)
  A dart slug (D:3)
  54 orcs
  5 ball pythons
  21 endoplasms
  2 giant cockroaches
  6 goblins
  9 hobgoblins
  6 jackals (D:4)
  5 kobolds
  6 quokkas
  4 bats
  2 frilled lizards
  10 rats
  A fulminant prism (Orc:2)
  A pillar of salt (Orc:2)
  3 tentacles (Shoals:1)
862 creatures vanquished.

Vanquished Creatures (collateral kills)
  Asterion (Spider:2)
  3 ghost moths
  A sun moth (Spider:1)
  3 orb spiders (Spider:1)
  A steelbarb worm (Spider:1)
  A manticore (Shoals:3)
  2 wolf spiders (Spider:1)
  A torpor snail (Spider:1)
  A wind drake (Shoals:3)
  A tarantella (Spider:1)
  A jumping spider (Spider:1)
  A culicivora (Spider:1)
  A yak (Lair:3)
  14 redbacks
  An ogre (Orc:1)
  An orc priest (Orc:1)
  A sleepcap (D:5)
  2 dart slugs
  2 orcs
  An endoplasm (D:4)
  A hobgoblin (D:3)
  2 kobolds (D:3)
  2 bats (D:3)
  A rat (D:3)
46 creatures vanquished.

Vanquished Creatures (others)
  A skyshark (Shoals:1)
  A steelbarb worm (Spider:2)
  A slime creature (D:13)
  39 fulminant prisms
  44 fungi
  4 pillars of salt (Orc:2)
  70 plants
  15 tentacles (Shoals:1)
  11 withered plants (Shoals:1)
186 creatures vanquished.

Grand Total: 1094 creatures vanquished

Notes
Turn   | Place    | Note
-------+----------+-------------------------------------------
     0 | D:1      | NinjaNoafa the Djinni Conjurer began the quest for the Orb.
     0 | D:1      | NinjaNoafa set off with the following spells memorised:
                  | Magic Dart, Searing Ray, Dazzling Flash, Fulminant Prism,
                  | Iskenderun's Mystic Blast.
     0 | D:1      | Reached XP level 1. HP: 15/15 MP: 0/0
   141 | D:1      | Reached XP level 2. HP: 17/22 MP: 0/0
   275 | D:1      | Reached skill level 1 in Fighting
   367 | D:1      | Found a hide-covered altar of Uskayaw.
   634 | D:1      | Reached XP level 3. HP: 25/27 MP: 0/0
   634 | D:1      | Learned a level 1 spell: Kiss of Death
   795 | D:2      | Identified the +1 dagger of Orphawai {heavy, rC+}
   890 | D:2      | Found a faded altar of an unknown god.
   944 | D:2      | Noticed Sigmund
   959 | D:2      | Killed Sigmund
   960 | D:2      | Reached XP level 4. HP: 20/34 MP: 0/0
   960 | D:2      | Reached XP level 5. HP: 23/40 MP: 0/0
   960 | D:2      | Learned a level 2 spell: Call Imp
   960 | D:2      | Reached XP level 6. HP: 26/45 MP: 0/0
  1272 | D:3      | Noticed Jessica
  1284 | D:3      | Killed Jessica
  1547 | D:3      | Reached skill level 5 in Spellcasting
  1936 | D:4      | Found a staircase to the Ecumenical Temple.
  1954 | Temple   | Entered the Ecumenical Temple
  2074 | Temple   | Became a worshipper of Ashenzari the Shackled
  2240 | D:4      | Reached XP level 7. HP: 49/51 MP: 0/0
  2240 | D:4      | Learned a level 3 spell: Frozen Ramparts
  2837 | D:5      | Entered Level 5 of the Dungeon
  3106 | D:5      | Reached skill level 5 in Fighting
  3106 | D:5      | Reached XP level 8. HP: 49/59 MP: 0/0
  3229 | D:5      | Identified the +2 plate armour "Korathua" {rN+ Int+3}
  3263 | D:5      | Reached * piety under Ashenzari
  3454 | D:6      | Noticed Prince Ribbit
  3469 | D:6      | Killed Prince Ribbit
  3587 | D:6      | Noticed Pikel
  3593 | D:6      | Reached XP level 9. HP: 53/69 MP: 0/0
  3593 | D:6      | Learned a level 3 spell: Kindle Blastsparks
  3594 | D:6      | Killed Pikel
  3736 | D:6      | Found Ypefayno's Hydra Hut.
  3741 | D:6      | Noticed an eight-headed hydra
  4044 | D:7      | Found a sacrificial altar of Ru.
  4116 | D:7      | Reached XP level 10. HP: 54/79 MP: 0/0
  4132 | D:7      | Noticed Menkaure
  4136 | D:7      | Killed Menkaure
  4629 | D:8      | Noticed Maggie
  4630 | D:8      | Noticed a death yak
  4630 | D:8      | Noticed a death yak
  4655 | D:8      | Noticed a death yak
  4671 | D:8      | Killed Maggie
  4674 | D:8      | HP: 4/80 [death yak (5)]
  4695 | D:8      | Noticed Maurice
  4697 | D:8      | Identified the +1 robe "Haufots" {Rampage Str+3 Int+2
                  | Archmagi}
  4927 | D:8      | Found a staircase to the Lair.
  4976 | D:8      | Noticed a two-headed ogre
  5512 | D:9      | Reached skill level 10 in Fighting
  5582 | D:9      | Reached ** piety under Ashenzari
  5619 | D:9      | Reached skill level 5 in Dodging
  5630 | D:9      | Found a glowing golden altar of the Shining One.
  5630 | D:9      | Found a hazy altar of Hepliaklqana.
  5945 | D:9      | Reached XP level 11. HP: 66/82 MP: 0/0
  5945 | D:9      | Learned a level 4 spell: Sticky Flame
  6030 | D:9      | Found an iron altar of Okawaru.
  6031 | D:9      | Found a basalt altar of Yredelemnul.
  6035 | D:9      | Found a stormy altar of Qazlal.
  6331 | D:10     | Entered Level 10 of the Dungeon
  6412 | D:10     | Found a blossoming altar of Fedhas.
  6531 | D:10     | Found a burning altar of Makhleb.
  6628 | D:11     | Noticed a red ugly thing
  6688 | D:10     | Noticed a cyclops
  6688 | D:10     | Noticed a manticore
  6924 | D:11     | Noticed a skeletal warrior
  7024 | D:9      | Killed a two-headed ogre
  7277 | D:8      | Killed a death yak
  7283 | D:8      | Noticed a manticore
  7286 | D:8      | Killed a death yak
  7395 | D:8      | Killed a manticore
  7407 | D:8      | Reached XP level 12. HP: 33/98 MP: 0/0
  7612 | D:9      | Killed a death yak
  7959 | D:8      | Killed Maurice
  8228 | Lair:1   | Entered Level 1 of the Lair of Beasts
  8255 | Lair:1   | Noticed a death yak
  8256 | Lair:1   | Noticed a death yak
  8257 | Lair:1   | Noticed a death yak
  8257 | Lair:1   | Noticed a death yak
  8259 | Lair:1   | Noticed a death yak
  8446 | D:8      | Killed a death yak
  8746 | D:8      | Killed a death yak
  8908 | Lair:1   | Killed a death yak
  8908 | Lair:1   | Killed a death yak
  8910 | Lair:1   | Killed a death yak
  9071 | D:8      | Reached *** piety under Ashenzari
  9800 | Lair:1   | Reached XP level 13. HP: 107/113 MP: 0/0
  9800 | Lair:1   | Learned a level 5 spell: Irradiate
  9802 | Lair:1   | Reached skill level 1 in Armour
 10012 | Lair:2   | Found a staircase to the Shoals.
 10130 | Lair:2   | Reached **** piety under Ashenzari
 10393 | Lair:2   | Reached skill level 1 in Short Blades
 11002 | Lair:3   | Reached skill level 5 in Armour
 11083 | Lair:3   | Found a hole to the Spider Nest.
 11745 | Lair:4   | Identified the +5 sling of the Jester {freeze, Contam rPois
                  | Int+6}
 11790 | Lair:4   | Found a staircase to the Slime Pits.
 12204 | Lair:4   | Found a large runed translucent door.
 12204 | Lair:4   | Found a large runed translucent door.
 12209 | Lair:4   | Noticed Bacu's ghost (journeyman DjCj)
 12308 | Lair:4   | Noticed a catoblepas
 12322 | Lair:4   | Killed a catoblepas
 12387 | Lair:4   | Reached ***** piety under Ashenzari
 12679 | Lair:5   | Entered Level 5 of the Lair of Beasts
 12705 | Lair:5   | Noticed a five-headed hydra
 12712 | Lair:5   | Killed a five-headed hydra
 12773 | Lair:5   | Noticed a five-headed hydra
 12788 | Lair:5   | Killed a five-headed hydra
 12789 | Lair:5   | Reached skill level 10 in Spellcasting
 12792 | Lair:5   | Reached XP level 14. HP: 49/121 MP: 0/0
 12953 | Lair:5   | Reached skill level 1 in Evocations
 13891 | Lair:5   | Reached skill level 5 in Evocations
 13908 | Lair:5   | Found a large runed translucent door.
 13909 | Lair:5   | Found a large runed translucent door.
 14389 | Lair:4   | Killed Bacu's ghost
 15419 | D:12     | Reached skill level 10 in Armour
 15562 | D:12     | Found a runed translucent door.
 15562 | D:12     | Found a runed translucent door.
 15565 | D:12     | Found a runed translucent door.
 15571 | D:12     | Identified the +0 morningstar of Terra Cotta {freeze, rC+}
 15571 | D:12     | Identified the +0 flail "Nekhlaydgh" {holy, rN+ rCorr}
 15592 | D:12     | Identified Sif Muna's Codex of Discontinuous Shades
 15732 | D:12     | Noticed Psyche
 15740 | D:12     | Killed Psyche
 15963 | D:12     | Found a staircase to the Orcish Mines.
 16252 | D:12     | Reached XP level 15. HP: 117/131 MP: 0/0
 16252 | D:12     | Learned a level 6 spell: Simulacrum
 16480 | Orc:1    | Entered Level 1 of the Orcish Mines
 16975 | Orc:1    | Noticed Jorgrun
 16983 | Orc:1    | Killed Jorgrun
 17258 | Orc:1    | Found a runed translucent door.
 17261 | Orc:1    | Noticed a balrug
 17290 | Orc:1    | Killed a balrug
 17406 | Orc:2    | Entered Level 2 of the Orcish Mines
 17425 | Orc:2    | Noticed Rupert
 17440 | Orc:2    | Killed Rupert
 17449 | Orc:2    | Noticed an orc warlord
 17614 | Orc:2    | Found a staircase to the Elven Halls.
 17979 | Orc:1    | Killed an orc warlord
 17981 | Orc:1    | Upgraded the game from 0.30-a0-881-g1ff12e1e11 to
                  | 0.30-a0-883-g5ad918d77d
 18128 | Orc:2    | Found a burning altar of Makhleb.
 18364 | Orc:2    | Noticed a stone giant
 18378 | Orc:2    | Killed a stone giant
 18698 | Orc:2    | Found Xoarphoi's Magic Scroll Emporium.
 18704 | Orc:2    | Bought a scroll of poison for 60 gold pieces
 18724 | Orc:2    | Noticed an orc warlord
 18732 | Orc:2    | Killed an orc warlord
 19120 | Orc:2    | Found Nitegh's Weapon Boutique.
 19124 | Orc:2    | Found Zawehew's Assorted Antiques.
 19129 | Orc:2    | Bought a smoky orange potion for 29 gold pieces
 19170 | Orc:2    | Noticed an orc warlord
 19340 | Orc:2    | Killed an orc warlord
 19455 | Orc:2    | Found Vept's General Store.
 19462 | Orc:2    | Bought a potion of attraction for 48 gold pieces
 19596 | D:13     | Reached skill level 1 in Shields
 19666 | D:13     | Reached XP level 16. HP: 64/135 MP: 0/0
 20479 | Orc:2    | Bought a scroll of teleportation for 45 gold pieces
 20479 | Orc:2    | Bought a scroll of fear for 60 gold pieces
 20479 | Orc:2    | Bought a scroll of immolation for 60 gold pieces
 20479 | Orc:2    | Bought a scroll of teleportation for 45 gold pieces
 20479 | Orc:2    | Bought a scroll of vulnerability for 60 gold pieces
 20479 | Orc:2    | Bought a scroll of blinking for 112 gold pieces
 20479 | Orc:2    | Bought a scroll of vulnerability for 60 gold pieces
 20479 | Orc:2    | Bought a scroll of teleportation for 45 gold pieces
 20479 | Orc:2    | Bought a scroll of teleportation for 45 gold pieces
 20498 | Orc:2    | Bought 2 potions of brilliance for 264 gold pieces
 20498 | Orc:2    | Bought a scroll of vulnerability for 132 gold pieces
 20612 | D:14     | Reached skill level 5 in Shields
 20822 | D:14     | Found a gate to the Vaults.
 21037 | D:14     | Found an iron altar of Okawaru.
 21168 | D:14     | Noticed Josephine
 21181 | D:14     | Killed Josephine
 21491 | D:14     | Found a runed translucent door.
 21695 | D:14     | Noticed Azrael
 21702 | D:14     | Killed Azrael
 21855 | D:14     | Noticed Kilet's ghost (adept GrEE)
 21880 | D:14     | Killed Kilet's ghost
 22186 | D:15     | Entered Level 15 of the Dungeon
 22234 | D:15     | Found a gate leading to a gauntlet.
 22243 | Gauntlet | Entered a Gauntlet
 22243 | Gauntlet | Found a transporter.
 22243 | Gauntlet | Found a transporter.
 22244 | Gauntlet | Found a transporter.
 22244 | Gauntlet | Found a transporter.
 22247 | Gauntlet | Found a transporter.
 22261 | Gauntlet | Found a transporter.
 22280 | Gauntlet | Found a transporter.
 22303 | Gauntlet | Found a transporter.
 22320 | Gauntlet | Found a transporter.
 22328 | Gauntlet | Found a transporter.
 22345 | Gauntlet | Found a transporter.
 22397 | Gauntlet | Found a transporter.
 22624 | Gauntlet | Identified the +1 leather armour "Sounusch" {rF+ Will+
                  | Dex+2 Stlth+}
 22624 | Gauntlet | Found the ring of the Octopus King {rN+ HP+2 AC+2 EV+2
                  | SH+2}
 22624 | Gauntlet | Found the ring of the Octopus King {rN+ HP+2 AC+2 EV+2
                  | SH+2}
 22624 | Gauntlet | Identified the +6 crystal plate armour of a Thousand
                  | Invaders {Dex+5}
 22624 | Gauntlet | Identified the +5 chain mail of Magic {rCorr Int+2}
 22935 | D:15     | Found a staircase to the Depths.
 23355 | D:15     | Identified the amulet "Hydwank" {Spirit Dex+4}
 24143 | Spider:1 | Entered Level 1 of the Spider Nest
 24151 | Spider:1 | Reached skill level 10 in Shields
 24555 | Spider:1 | Reached skill level 10 in Evocations
 24555 | Spider:1 | Reached XP level 17. HP: 75/141 MP: 0/0
 24555 | Spider:1 | Learned a level 6 spell: Eringya's Noxious Bog
 25160 | Spider:1 | Identified the +2 pair of gloves of the Clean God {Int+3}
 25186 | Spider:1 | Noticed Donald
 25198 | Spider:1 | Killed Donald
 25463 | Shoals:1 | Entered Level 1 of the Shoals
 26518 | Shoals:1 | Noticed Kirke
 26528 | Shoals:1 | Killed Kirke
 26606 | Shoals:1 | Noticed Frances
 26614 | Shoals:1 | Killed Frances
 27052 | Shoals:2 | Found a runed translucent door.
 27651 | Shoals:2 | Found Heppiaca's Magic Scroll Boutique.
 27668 | Shoals:2 | Bought a scroll of teleportation for 33 gold pieces
 27668 | Shoals:2 | Bought a scroll of fog for 44 gold pieces
 27668 | Shoals:2 | Bought a scroll of magic mapping for 82 gold pieces
 27741 | Shoals:2 | Found a shimmering altar of Xom.
 27827 | Shoals:2 | Reached XP level 18. HP: 135/144 MP: 0/0
 28047 | Shoals:2 | Found a corrupted altar of Lugonu.
 28049 | Shoals:2 | Found a one-way gate to the infinite horrors of the Abyss.
 28061 | Shoals:2 | Gained mutation: You are clumsy. (Dex -2) [a neqoxec]
 28216 | Shoals:3 | Found a runed translucent door.
 28240 | Shoals:3 | Noticed Hoelubiu's ghost (adept AtFi)
 29332 | Spider:2 | Noticed Asterion
 29347 | Spider:2 | Killed Asterion
 29663 | Spider:3 | Noticed Bai Suzhen
 29681 | Spider:3 | Killed Bai Suzhen
 29795 | Spider:3 | HP: 6/145 [disintegration (47)]
 29796 | Spider:3 | Blown up by a sun moth

Illustrated notes

Levels and vault maps discovered:
D:1:      minmay_arrival_jagged, layout_loops_ring, serial_glass,
          glass_columns_c, glass_columns_b, minmay_hexomino_r4
D:2:      layout_rooms, ebering_ecumenical_altar_rust, uniq_sigmund
D:3:      layout_basic, kennysheep_boxes, uniq_jessica
D:4:      layout_loops_corners, minmay_temple_entry_statues,
          kennysheep_generic_room_14
D:5:      layout_loops_cross, serial_glass, glass_columns_c, glass_columns_c,
          due_unseen_surprise, feat_on_display, item_on_display_a,
          cheibrodos_gnoll_hut
D:6:      layout_cave_pools, corexii_shack, doesnt_shop_hydraphobe,
          uniq_prince_ribbit1, uniq_pikel
D:7:      layout_basic, nicolae_ru_the_path_less_chosen, uniq_menkaure
D:8:      nzn_winding_woodlands_three_and_one
          [nzn_winding_woodlands_5x15_split_checker,
          nzn_winding_woodlands_5x15_garden, nzn_winding_woodlands_5x15_eye,
          nzn_winding_woodlands_center_garden], layout_loops_cross,
          dpeg_lair_monsters, grunt_ministairs_9, uniq_maurice, uniq_maggie
D:9:      layout_basic, gammafunk_temple_overflow_forgotten,
          jmf_multi_god_temple
D:10:     layout_cave_pools, lightli_temple_of_fire, mainiacjoe_overflow_paths,
          lightli_corner_chamber
D:11:     layout_roguey, chequers_serial_rivers_marsh,
          dreamdust_mushroom_princess
D:12:     minmay_the_grid_triangle_9x9_recursive_2
          [minmay_the_grid_triangle_9x9_prize_insulated,
          minmay_the_grid_triangle_9x9_corrupted_corridor,
          minmay_the_grid_triangle_9x9_steps,
          minmay_the_grid_triangle_9x9_fully_insulated_deathbox],
          layout_grid_maze, orc_0_dummy, minivault_16, uniq_psyche
D:13:     layout_long_grid
D:14:     layout_gridville, erik_vaults_2, ebering_ghost_inner_flame,
          serial_park_paths [serial_park_minivault_5x5_8],
          nicolae_concentric_dashed_squares_wild, okawaru_gym_becter,
          uniq_josephine, uniq_azrael
D:15:     grunt_enter_depths_hoard, layout_gridville, nicolae_two_hexagons,
          gauntlet_entry_generic, laboratory
Temple:   nicolae_temple_two_arcs
Lair:1:   layout_gridlike, kennysheep_abandoned_house
Lair:2:   lemuel_slime, layout_cave_pods, minmay_shoals_entry_lonely_mermaid,
          chequers_serial_rivers_room_a, grunt_megastairs_1
Lair:3:   layout_roguey, spider_nest_entry_rubble, grunt_megastairs_3,
          infiniplex_staircase_pool
Lair:4:   layout_cave_pods, nicolae_slime_entry_field_trip,
          ebering_ghost_disaster_area
Lair:5:   cheibrodos_lair_end_hotspot, layout_cave_pods, columned_hall_lemuel
Shoals:1: cheibrodos_shoals_three_sisters, layout_shoals,
          nicolae_shoals_spectral_cove, uniq_kirke, uniq_frances
Shoals:2: layout_shoals, serial_shops, shop, lemuel_altar_in_water,
          nicolae_shoals_abyss_on_the_beach
Shoals:3: layout_shoals, ebering_ghost_reflecting_pool, argonaut_gorgonesque
Spider:1: layout_spider_delve, hellmonk_motheaten_closet, uniq_donald
Spider:2: layout_spider_delve, hangedman_spider_tarantella_strand, uniq_asterion
Spider:3: cheibrodos_forgotten_conduit, uniq_bai_suzhen
Orc:1:    dreamdust_dug_too_deep, layout_caves, uniq_jorgrun
Orc:2:    hellmonk_orc_salted, layout_caves, basic_altar, uniq_rupert

Skill      XL: |  1  2  3  4  5  6  7  8  9 10 11 12 13 14 15 16 17 18 |
---------------+-------------------------------------------------------+-----
Fighting       | 1 2 3 5 6 8 10 12 14 | 14.9
Spellcasting   | 4 5 6 8 9 10 11 12 13 | 13.3
Dodging        | 5 8 9 |  9.5
Armour         | 8 10 12 13 14 | 14.2
Short Blades   | 4 |  4.2
Evocations     | 7 9 10 12 | 12.1
Shields        | 3 10 11 12 | 12.9
Stealth        | |  1.5

Action                     |  1- 3 |  4- 6 |  7- 9 | 10-12 | 13-15 | 16-18 || total
---------------------------+-------+-------+-------+-------+-------+-------++-------
  Melee: Dagger            |     7 |    11 |     6 |    22 |    57 |    32 ||   135
   Cast: Magic Dart        |    44 |    10 |     2 |       |       |       ||    56
         Searing Ray       |    10 |     9 |    19 |    11 |     9 |     8 ||    66
         Dazzling Flash    |     1 |     2 |     1 |     2 |     4 |       ||    10
         Kiss of Death     |     1 |     1 |     1 |     1 |       |       ||     4
         Iskenderun's Myst |       |    10 |    30 |    93 |   236 |   334 ||   703
         Call Imp          |       |     5 |     6 |    10 |     1 |       ||    22
         Fulminant Prism   |       |     1 |     3 |     3 |    24 |     9 ||    40
         Frozen Ramparts   |       |       |    10 |    11 |    10 |     3 ||    34
         Kindle Blastspark |       |       |     6 |    23 |    15 |     4 ||    48
         Sticky Flame      |       |       |       |    33 |    57 |    42 ||   132
         Irradiate         |       |       |       |       |    26 |    31 ||    57
         Simulacrum        |       |       |       |       |     6 |    24 ||    30
         Eringya's Noxious |       |       |       |       |       |    46 ||    46
 Invoke: Curse Item        |       |       |     2 |     3 |     4 |     1 ||    10
         Shatter the Chain |       |       |       |       |     2 |     3 ||     5
  Evoke: Wand              |       |       |       |     3 |    13 |    14 ||    30
         Phantom mirror    |       |       |       |       |       |     2 ||     2
    Use: Scroll            |     6 |     2 |     3 |     7 |     1 |     2 ||    21
         Potion            |       |       |       |       |       |     3 ||     3
   Stab: Distracted        |       |     1 |     1 |       |       |       ||     2
 Armour: Robe              |     2 |     8 |    15 |    31 |    26 |       ||    82
         Plate armour      |       |       |       |       |   176 |    47 ||   223
         Chain mail        |       |       |       |       |       |   182 ||   182
  Dodge: Dodged            |    23 |    38 |    70 |   172 |   281 |   217 ||   801
  Block: Tower shield      |       |       |       |       |    13 |   214 ||   227
         Kite shield       |       |       |       |       |       |   282 ||   282
         Reflection        |       |       |       |       |       |    44 ||    44

Table legend: (Time is in decaauts)
 A = Elapsed time spent in this place.
 B = Non-inter-level travel time spent in this place.
 C = Inter-level travel time spent in this place.
 D = Time resting spent in this place.
 E = Time spent auto-exploring this place.
 F = Levels seen in this place.
 G = Mean time per level.
                   A        B        C        D        E       F      G
               +--------+--------+--------+--------+--------+-----+--------+
         Total |  29911 |  26889 |   3022 |   6760 |  14079 |  30 |  997.0 |
       Dungeon |  15306 |  13849 |   1457 |   3166 |   7680 |  15 | 1020.4 |
        Temple |    130 |     97 |     33 |      0 |     88 |   1 |  130.0 |
          Lair |   6405 |   5689 |    716 |   2054 |   2759 |   5 | 1281.0 |
        Shoals |   2849 |   2686 |    163 |    415 |   1564 |   3 |  949.7 |
   Spider Nest |   1670 |   1528 |    142 |     53 |    803 |   3 |  556.7 |
  Orcish Mines |   3053 |   2544 |    509 |   1016 |    952 |   2 | 1526.5 |
      Gauntlet |    495 |    495 |      0 |     56 |    233 |   1 |  495.0 |
               +--------+--------+--------+--------+--------+-----+--------+

Top non-repeatable levels by time:
     D:8: 1874 daAuts
   Orc:1: 1859 daAuts
     D:9: 1827 daAuts
  Lair:5: 1689 daAuts
  Lair:2: 1621 daAuts
    D:12: 1594 daAuts
    D:15: 1222 daAuts
  Lair:3: 1200 daAuts
   Orc:2: 1194 daAuts
    D:14: 1156 daAuts
    D:13: 1130 daAuts
Shoals:1: 1091 daAuts
Shoals:2: 1036 daAuts
     D:4: 1015 daAuts
  Lair:1: 994 daAuts
